 Dungeon Crawl Stone Soup version 0.25.1-2-g60ff931 (webtiles) character file.

Game seed: 1210847626062409582

319 vertexvortex the Chiller (level 6, -5/69 HPs)
             Began as a Demonspawn Ice Elementalist on Aug 19, 2020.
             Slain by an ice beast (11 damage)
             ... on level 3 of the Dungeon.
             The game lasted 00:10:57 (3345 turns).

vertexvortex the Chiller (DsIE)                     Turns: 3345, Time: 00:10:59

Health: -5/69      AC: 23    Str:  9    XL:     6   Next: 21%
Magic:  10/10      EV:  2    Int: 18    God:
Gold:   100        SH:  0    Dex: 13    Spells: 3/11 levels left

rFire    . . .     SeeInvis .   w - +2 spear (distort)
rCold    . . .     Gourm    .   (no shield)
rNeg     + + +     Faith    +   (armour currently unavailable)
rPois    +         Spirit   .   (helmet currently unavailable)
rElec    .         Reflect  .   (cloak currently unavailable)
rCorr    .         Harm     .   (gloves currently unavailable)
MR       .....     NoTele   +   (boots currently unavailable)
Stlth    ++........             j - amulet of faith
HPRegen  0.21/turn              l - ring of flight (curse)
MPRegen  0.12/turn              (no ring)

@: tree-form
A: powered by pain 2
a: no special abilities


You were on level 3 of the Dungeon.
You were very hungry.
You were a tree.
You visited 1 branch of the dungeon, and saw 4 of its levels.

You collected 100 gold pieces.

Inventory:

Hand Weapons
 g - a +3 hunting sling
 i - a +0 hand axe
 w - a +2 spear of distortion (weapon)
Missiles
 b - 83 stones (quivered)
 u - 14 poisoned darts
Armour
 a - a +0 robe (melded)
 o - a +0 pair of gloves (melded)
Jewellery
 j - an amulet of faith (around neck)
 l - a cursed ring of flight (left branch)
Scrolls
 d - 3 scrolls of identify {unknown}
 e - 3 scrolls of immolation {unknown}
 f - 9 scrolls of remove curse {unknown}
 k - 2 scrolls of teleportation {unknown}
 m - a scroll of blinking {unknown}
 p - a scroll of magic mapping {unknown}
 q - a scroll of amnesia {unknown}
 t - a scroll of noise {unknown}
 v - a scroll of random uselessness {unknown}
Comestibles
 c - 3 rations


   Skills:
 * Level 2.4 Fighting
 + Level 3.5 Slings
 - Level 1.7 Dodging
 - Level 1.7 Stealth
 * Level 3.2 Spellcasting
 * Level 0.1 Summonings
 + Level 4.2 Ice Magic


You had 3 spell levels left.
You knew the following spells:

 Your Spells              Type           Power        Failure   Level  Hunger
a - Freeze                Ice            ###.         2%          1    None
b - Frozen Ramparts       Ice            ###...       9%          3    ###....
c - Summon Ice Beast      Ice/Summ       ##......     54%         4    ####...

Your spell library contained the following spells:

 Spells                   Type           Power        Failure   Level  Hunger
 Ozocubu's Armour         Chrm/Ice       ##......     21%         3    ###....
 Hailstorm                Conj/Ice       ##......     54%         4    ####...


Dungeon Overview and Level Annotations

Branches:
Dungeon (4/15)
 Temple: D:4-7

Altars:
Nemelex Xobeh
Ru
Yredelemnul


Innate Abilities, Weirdness & Mutations

You sometimes gain power by taking damage.
((You are partially covered in sharp spines.))


Message History

Space warps around you for a moment!
w - a +2 spear of distortion (weapon)
The ice beast barely misses you.
You closely miss the ice beast.
The ice beast is lightly wounded.
The human hits the ice beast.
The ice beast is struck by your spines. The ice beast hits you.
The ice beast freezes you!
The human closely misses the ice beast.
You are feeling very hungry.
The ice beast is struck by your spines. The ice beast hits you.
The ice beast freezes you!
* * * LOW HITPOINT WARNING * * *
The human barely misses the ice beast.
It was a potion of lignification.
You turn into a tree.
Your +0 pair of gloves melds into your body.
Your +0 robe melds into your body.
Your roots penetrate the ground.
The ice beast hits you.
* * * LOW HITPOINT WARNING * * *
The ice beast freezes you!
You die...

#....#..##### ##............#
#######.....####...###.#..###
#####..##....# #...##
##.##.)..# ###.#
#.......#####.#
###.)........># #..#....)...#
#### #.##........# #_≈#
#♣###.......# #.######Y#
#.......# #.'..#.p.#
#...>...# #.##...###
#.......# #_≈###.# #.......#
#.#### #.# ##.##...###### )(#
##.# #.####....... .((# #..#
#.# #....^..# #(.. #.##
###.###.#####..


You could see an ice beast and a neutral human.

Vanquished Creatures
  Sigmund (D:2)
  A centaur (D:2)
  An adder (D:2)
  2 dart slugs (D:2)
  2 leopard geckos
  5 orcs (D:3)
  4 giant cockroaches
  6 goblins
  11 hobgoblins
  2 jackals (D:3)
  7 kobolds
  3 ball pythons
  8 bats
  6 frilled lizards
  4 rats
63 creatures vanquished.

Vanquished Creatures (others)
  2 orcs (D:3)
2 creatures vanquished.

Grand Total: 65 creatures vanquished

Notes
Turn   | Place    | Note
-------+----------+-------------------------------------------
     0 | D:1      | vertexvortex the Demonspawn Ice Elementalist began the
                  | quest for the Orb.
     0 | D:1      | Reached XP level 1. HP: 13/13 MP: 3/3
   567 | D:1      | Gained mutation: You are partially covered in sharp spines.
                  | [demonic ancestry]
   567 | D:1      | Reached XP level 2. HP: 9/20 MP: 0/5
   826 | D:1      | Reached skill level 4 in Ice Magic
  1376 | D:2      | Noticed a centaur
  1377 | D:2      | Reached XP level 3. HP: 25/25 MP: 6/6
  1614 | D:2      | Reached skill level 1 in Fighting
  1634 | D:2      | Found a sparkling altar of Nemelex Xobeh.
  1678 | D:2      | Reached skill level 1 in Slings
  1744 | D:2      | Noticed Sigmund
  1870 | D:2      | Learned a level 3 spell: Frozen Ramparts
  1938 | D:2      | Killed a centaur
  1938 | D:2      | Gained mutation: You sometimes gain a little power by
                  | taking damage. [demonic ancestry]
  1938 | D:2      | Reached XP level 4. HP: 16/33 MP: 2/8
  2414 | D:2      | HP: 1/33 [something/puff of flame (12)]
  2419 | D:2      | Killed Sigmund
  2419 | D:2      | Reached XP level 5. HP: 2/39 MP: 5/9
  2419 | D:2      | Gained mutation: You sometimes gain power by taking damage.
                  | [demonic ancestry]
  2419 | D:2      | Reached XP level 6. HP: 3/45 MP: 5/10
  2629 | D:3      | Found a runed translucent door.
  2629 | D:3      | Noticed a human
  2637 | D:3      | Found a basalt altar of Yredelemnul.
  2764 | D:3      | Found a sacrificial altar of Ru.
  2764 | D:3      | Found a basalt altar of Yredelemnul.
  2771 | D:3      | Learned a level 4 spell: Summon Ice Beast
  2941 | D:3      | Noticed an ice beast
  2958 | D:3      | HP: 1/46 [ice beast (8)]
  3345 | D:3      | Slain by an ice beast

Illustrated notes

Levels and vault maps discovered:
D:1:      dpeg_arrival_water_temple_mockup, layout_basic
D:2:      layout_loops_ring, nemelex_xobeh_ov_fountains_minmay, uniq_sigmund
D:3:      layout_rooms, gammafunk_temple_overflow_elements, corexii_shack,
          dk_yredelemnul_ordeal, uniq_ijyb
D:4:      layout_cave_pools, serial_shops, shop, first_ration, uniq_edmund

Skill      XL: |  1  2  3  4 |
---------------+-------------+-----
Ice Magic      | 4 |  4.2
Fighting       | 1 2 |  2.4
Slings         | 2 3 |  3.5
Spellcasting   | 3 |  3.2
Dodging        | |  1.7
Stealth        | |  1.7
Summonings     | |  0.1

Action                   |  1- 3 |  4- 6 || total
-------------------------+-------+-------++-------
Melee: Unarmed           |    10 |       ||    10
       Spear             |       |     1 ||     1
 Fire: Hunting sling     |    72 |    61 ||   133
 Cast: Freeze            |    16 |     4 ||    20
       Frozen Ramparts   |     1 |     5 ||     6
  Use: Potion            |       |     4 ||     4
  Eat: Chunk             |     3 |     4 ||     7
Armor: Robe              |     3 |     2 ||     5
Dodge: Dodged            |    26 |    13 ||    39
